 Dungeon Crawl Stone Soup version 0.27-a0-695-gb4952372f7 (webtiles) character file.

Game seed: 1294886050807546717

172 rageheart7 the Digger (level 5, -2/60 HPs)
             Began as a Demigod Earth Elementalist on Mar 22, 2021.
             Killed from afar by an orc wizard (8 damage)
             ... with a magic dart
             ... on level 3 of the Dungeon.
             The game lasted 00:08:17 (4201 turns).

rageheart7 the Digger (Demigod Earth Elementalist)  Turns: 4201, Time: 00:08:18

Health: -2/60      AC:  3    Str:  9    XL:     5   Next: 5%
Magic:  4/12       EV: 12    Int: 21    God:
Gold:   124        SH:  0    Dex: 14    Spells: 2/10 levels left

rFire    . . .     SeeInvis .   d - staff of conjuration
rCold    . . .     Faith    .   (no shield)
rNeg     . . .     Spirit   .   c - +0 robe
rPois    .         Reflect  .   (no helmet)
rElec    .         Harm     .   (no cloak)
rCorr    .         Rampage  .   a - +0 pair of gloves {Stlth+}
Will     .....                  (no boots)
Stlth    ..........             k - amulet of the acrobat
HPRegen  0.20/turn              (no ring)
MPRegen  0.13/turn              (no ring)

@: confused, berserking (expiring), very quick
A: high mp 1, forlorn
a: no special abilities


You were on level 3 of the Dungeon.
You visited 1 branch of the dungeon, and saw 3 of its levels.

You collected 124 gold pieces.

Inventory:

Missiles
 b - 25 stones
Armour
 a - a +0 pair of gloves of stealth (worn)
 c - a +0 robe (worn)
Magical Staves
 d - a staff of conjuration (weapon)
Jewellery
 k - an amulet of the acrobat (around neck)
Scrolls
 e - 3 scrolls of identify
 f - a scroll of enchant weapon
 g - a scroll of enchant armour
 j - a scroll of teleportation
 m - a scroll of fear {unknown}
Potions
 i - a potion of flight
 l - a potion of magic {unknown}


   Skills:
 - Level 1.3 Fighting
 + Level 0.1 Staves
 - Level 1.7 Dodging
 - Level 1.7 Stealth
 + Level 3.2 Spellcasting
 - Level 0.8 Transmutations
 * Level 4.2 Earth Magic


You had 2 spell levels left.
You knew the following spells:

 Your Spells              Type           Power      Damage    Failure   Level
a - Sandblast             Erth           42%        2d11      2%          1
b - Stone Arrow           Conj/Erth      36%        3d9       17%         3
c - Petrify               Tmut/Erth      14%        N/A       41%         4

Your spell library contained the following spells:

 Spells                   Type           Power      Damage    Failure   Level
 Passwall                 Tmut/Erth      11%        N/A       7%          2
 Lee's Rapid Deconstruct  Erth           10%        3d9*      54%         5


Dungeon Overview and Level Annotations

Branches:
Dungeon (3/15)


Innate Abilities, Weirdness & Mutations

Your attributes grow dramatically as you level up.
You have an increased reservoir of magic. (+10% MP)
You shall have no god before yourself.


Message History

You bump into the rock wall.
The orc wizard hits you with a +0 dagger.
You're too confused to move!
The orc wizard gestures at you while chanting.
You are more confused.
You hit the orc wizard but do no damage.
The orc wizard is almost dead.
The orc wizard points at itself and mumbles some strange words.
The orc wizard flickers and vanishes!
Something hits you.
You bump into the rock wall.
Something completely misses you.
You barely miss something.
An orc wizard appears from thin air!
Reactivating autopickup.
The orc wizard points at itself and mumbles some strange words.
The orc wizard flickers and vanishes!
Deactivating autopickup; reactivate with Ctrl-A.
You hear some strange, mumbled words.
A puff of flame appears from out of thin air!
The puff of flame hits you!
You completely miss something. Something hits you.
A magic dart appears from out of thin air!
The magic dart hits you.
* * * LOW HITPOINT WARNING * * *
There is an open door here.
A red film seems to cover your vision as you go berserk!
You feel yourself moving faster!
You feel mighty!
You bump into the rock wall.
You feel a strong urge to attack something.
Something hits you.
* * * LOW HITPOINT WARNING * * *
You closely miss something.
You bump into the rock wall.
Something completely misses you.
You're too confused to move!
You feel a strong urge to attack something.
Something hits you.
* * * LOW HITPOINT WARNING * * *
You bump into the rock wall.
You hear some strange, mumbled words.
A magic dart appears from out of thin air!
The magic dart hits you!
You die...

##...###.#### #.
#.....##.# #. ##
#........#####
#.####...(
.............#
#.........
........####+####)#
#.#.###.#†......#{#
#.#.# #.#.⌠...⌠.#b#
#.#.# #.#.......#{#
#.#.# #.'..[⌠...@.#
#.# ###.......###
... #.⌠...⌠.#
#.......# .
#####+####
..######........#
....<.....#.....#
...(...##.##...## #
######.##.###..# #
#.####


You could see a bat.

Vanquished Creatures
  An orc priest (D:3)
  4 gnolls (D:2)
  4 adders
  An ooze (D:1)
  4 dart slugs
  A leopard gecko (D:3)
  An orc (D:3)
  A ball python (D:1)
  2 giant cockroaches
  4 goblins
  7 hobgoblins
  9 bats
  4 frilled lizards
  11 kobolds
  6 rats
60 creatures vanquished.

Notes
Turn   | Place    | Note
-------+----------+-------------------------------------------
     0 | D:1      | rageheart7 the Demigod Earth Elementalist began the quest
                  | for the Orb.
     0 | D:1      | Reached XP level 1. HP: 14/14 MP: 5/5
    46 | D:1      | Reached skill level 3 in Earth Magic
   312 | D:1      | Reached XP level 2. HP: 20/20 MP: 5/7
   964 | D:1      | Reached XP level 3. HP: 22/27 MP: 9/9
  1207 | D:1      | Learned a level 3 spell: Stone Arrow
  2295 | D:2      | Reached XP level 4. HP: 27/34 MP: 0/10
  2323 | D:2      | Reached skill level 1 in Fighting
  2623 | D:2      | Reached skill level 4 in Earth Magic
  3068 | D:3      | Identified a scroll of acquirement
  3068 | D:3      | Acquired a +0 pair of gloves of stealth
  3397 | D:2      | Learned a level 4 spell: Petrify
  3526 | D:3      | Reached XP level 5. HP: 10/40 MP: 8/12
  4201 | D:3      | Killed from afar by an orc wizard

Illustrated notes

Levels and vault maps discovered:
D:1:      minmay_arrival_semitransparent, layout_loops_cross,
          minmay_misc_feat_doors, minivault_24, chequers_serial_rivers_small_b,
          hangedman_decor_slide_cut
D:2:      layout_basic, nicolae_uskayaw_suspiria
D:3:      corexii_shack_village, layout_loops_ring, tso_oasis_becter,
          minitemple, minmay_fountain_box, uniq_crazy_yiuf_cottage

Skill      XL: |  1  2  3  4 |
---------------+-------------+-----
Earth Magic    | 3 4 |  4.2
Spellcasting   | 2 3 |  3.2
Fighting       | 1 |  1.3
Staves         | |  0.1
Dodging        | |  1.7
Stealth        | |  1.7
Transmutations | |  0.8

Action                   |  1- 3 |  4- 6 || total
-------------------------+-------+-------++-------
Melee: Dagger            |    41 |       ||    41
       Whip              |    37 |    27 ||    64
       Short sword       |    23 |       ||    23
       Staff             |       |    67 ||    67
 Cast: Sandblast         |    35 |     1 ||    36
       Stone Arrow       |     4 |     8 ||    12
  Use: Scroll            |       |     7 ||     7
       Potion            |       |     4 ||     4
 Stab: Sleeping          |     4 |     2 ||     6
Armor: Robe              |    27 |    16 ||    43
Dodge: Dodged            |    89 |    86 ||   175

Table legend: (Time is in decaauts)
 A = Elapsed time spent in this place.
 B = Non-inter-level travel time spent in this place.
 C = Inter-level travel time spent in this place.
 D = Time resting spent in this place.
 E = Time spent auto-exploring this place.
 F = Levels seen in this place.
 G = Mean time per level.
                   A        B        C        D        E       F      G
               +--------+--------+--------+--------+--------+-----+--------+
         Total |   4233 |   4160 |     73 |   1592 |   1979 |   3 | 1411.0 |
       Dungeon |   4233 |   4160 |     73 |   1592 |   1979 |   3 | 1411.0 |
               +--------+--------+--------+--------+--------+-----+--------+

Top non-repeatable levels by time:
     D:2: 2196 daAuts
     D:1: 1218 daAuts
     D:3: 819 daAuts
